 Dungeon Crawl Stone Soup version 0.21-a0-625-g1119ec1 (webtiles) character file.

162 theanonym the Firebug (level 5, -1/42 HPs)
             Began as a Deep Dwarf Fire Elementalist on Dec 25, 2017.
             Slain by a scorpion (5 damage)
             ... while paralysed
             ... on level 5 of the Dungeon.
             The game lasted 00:09:11 (3156 turns).

theanonym the Firebug (DDFE)                        Turns: 3156, Time: 00:09:11

Health: -1/42      AC:  2    Str: 12    XL:     5   Next: 19%
Magic:  3/8        EV:  2    Int: 16    God:
Gold:   151        SH:  0    Dex: 13    Spells: 4/8 levels left

rFire    . . .     SeeInvis .   i - +0 short sword
rCold    . . .     Gourm    .   (no shield)
rNeg     . . .     Faith    .   a - +0 robe {0}
rPois    .         Spirit   .   (no helmet)
rElec    .         Reflect  .   (no cloak)
rCorr    .         Harm     .   (no gloves)
MR       .....                  (no boots)
Stlth    ++........             (no amulet)
HPRegen  0.00/turn              (no ring)
MPRegen  0.11/turn              (no ring)

@: paralysed, lethally poisoned (-1 -> -1), berserk cooldown, non-regenerating,
slowed
A: damage resistance, heal wounds, sense surroundings 1, no regeneration
a: Heal Wounds


Innate Abilities, Weirdness & Mutations

You are resistant to damage.
You can heal yourself by infusing magical energy.
You passively map a small area around you.
You do not regenerate.


   Skills:
 - Level 2.1 Dodging
 - Level 2.4 Stealth
 * Level 2.3 Spellcasting
 + Level 3.0 Conjurations
 + Level 4.1 Fire Magic


You had 4 spell levels left.
You knew the following spells:

 Your Spells              Type           Power        Failure   Level  Hunger
a - Flame Tongue          Conj/Fire      ##...        4%          1    #......
b - Conjure Flame         Conj/Fire      ##......     14%         3    ###....

Skill      XL: |  1  2  3  4 |
---------------+-------------+-----
Conjurations   | 1 2 3 |  3.0
Fire Magic     | 3 4 |  4.1
Spellcasting   | 2 |  2.3
Dodging        | |  2.1
Stealth        | |  2.4

Action                   |  1- 3 |  4- 6 || total
-------------------------+-------+-------++-------
Melee: Unarmed           |     3 |       ||     3
       Short sword       |    26 |    30 ||    56
 Cast: Flame Tongue      |    57 |    64 ||   121
       Conjure Flame     |       |     2 ||     2
 Abil: Heal Wounds       |     2 |     1 ||     3
  Use: Scroll            |       |     3 ||     3
       Potion            |       |     1 ||     1
  Eat: Chunk             |     4 |     5 ||     9
Armor: Robe              |    15 |    11 ||    26
Dodge: Dodged            |    41 |    45 ||    86

Inventory:

Hand Weapons
 i - a +0 short sword (weapon)
   (You found it on level 1 of the Dungeon)
Armour
 a - a +0 robe (worn) {0}
 o - a scarf of spirit shield
   (You found it on level 2 of the Dungeon)
Jewellery
 p - a +2 amulet of reflection
   (You found it on level 2 of the Dungeon)
Scrolls
 d - a scroll of noise {unknown}
 f - 2 scrolls of remove curse
 h - a scroll of teleportation {unknown}
 j - a scroll of fog {unknown}
 k - a scroll of blinking {unknown}
 l - a scroll of magic mapping {unknown}
 n - a scroll of amnesia {unknown}
Potions
 c - a potion of berserk rage {!q}
 g - a potion of curing {unknown}
 m - 2 potions of brilliance {unknown}
Books
 b - a book of Flames
Comestibles
 e - 5 rations


You were on level 5 of the Dungeon.
You were hungry.

You visited 1 branch of the dungeon, and saw 5 of its levels.

You collected 151 gold pieces.

Dungeon Overview and Level Annotations

Branches:
Dungeon (5/15)
 Temple: D:4-7

Altars:
The Shining One

Annotations:
D:4 Grinder


Message History

The hound barely misses you. The hound bites you.
You take 1 damage, and have 23/36 hp.
You now have 4/7 mp.
Aim: a hound (severely wounded)
The flame tongue misses the hound.
The hound bites you.
You now have 3/7 mp.
Aim: a hound (severely wounded)
The flame tongue hits the hound.
The hound bites you. The hound barely misses you.
You take 2 damage, and have 21/36 hp.
You now have 2/7 mp.
Aim: a hound (almost dead)
The flame tongue hits the hound.
The hound appears unharmed.
The jackal barks!
* * * LOW MAGIC WARNING * * *
You hear a bark! x2
The hound misses you.
You hear a shout!
You now have 1/7 mp.
Aim: a hound (almost dead)
The flame tongue hits the hound.
You kill the hound!
Your Conjurations skill increases to level 3!
You have reached level 5!
The adder hisses angrily.
* * * LOW MAGIC WARNING * * *
The jackal barely misses you.
A jackal zombie comes into view.
You regained 3 hp, and now have 24/42 hp.
You closely miss the jackal. The jackal barely misses you.
You closely miss the jackal. The jackal completely misses you.
The jackal bites you.
You closely miss the jackal. The jackal closely misses you.
As you read the scroll labeled TONAEKEVVU, it crumbles to dust.
It is a scroll of identify.
p - a +2 amulet of reflection;
r - a scroll of identify
l - a scroll labeled DUSTUCWOUDD The jackal bites you. x2
As you read the scroll of identify, it crumbles to dust.
c - 2 potions of berserk rage The jackal bites you.
A jackal comes into view.
You take 1 damage, and have 23/42 hp.
Really quaff
c - 2 potions of berserk rage {!q}?
A red film seems to cover your vision as you go berserk!
You feel yourself moving faster!
You feel mighty!
The jackal barks!
The jackal misses you.
You now have 34/63 hp.
You puncture the jackal!
You kill the jackal!
You closely miss the adder. The adder closely misses you.
You hit the adder. The adder bites you.
You are poisoned.
The adder poisons you!
You completely miss the adder. The adder barely misses you.
You hit the adder. The adder bites you.
You are more poisoned.
The adder poisons you!
You take 2 damage, and have 32/63 hp.
You closely miss the adder. The adder bites you.
A jackal comes into view.
You take 3 damage, and have 29/63 hp.
You barely miss the adder.
The jackal barks!
You hear an angry hiss.
The jackal moves out of view.
The adder closely misses you.
A scorpion comes into view.
You closely miss the adder. The adder closely misses you.
You puncture the adder!
You kill the adder!
You puncture the jackal!
You kill the jackal!
A frilled lizard comes into view.
The jackal zombie misses you.
A jackal comes into view.
Things that are here:
an adder corpse; a hound corpse You barely miss the jackal zombie.
The jackal zombie bites you but does no damage.
You puncture the jackal zombie!
You destroy the jackal zombie!
You closely miss the frilled lizard. The scorpion barely misses you.
The frilled lizard bites you but does no damage.
You closely miss the frilled lizard. You hit the scorpion.
The frilled lizard bites you. The scorpion closely misses you.
You puncture the scorpion!
You are no longer berserk.
You pass out from exhaustion.
You feel yourself slow down. The frilled lizard bites you.
The scorpion stings you!
* * * LOW HITPOINT WARNING * * *
The scorpion stings you.
* * * LOW HITPOINT WARNING * * *
You are more poisoned.
The scorpion poisons you! The frilled lizard bites you.
The frilled lizard bites you. The scorpion stings you.
* * * LOW HITPOINT WARNING * * *
The frilled lizard bites you. The scorpion stings you.
* * * LOW HITPOINT WARNING * * *
The scorpion stings you!
You die...

* , * * * *, ,
*, # ,
###########.#* *
#.....hl@s..# ,
*, #.####h###..#
, #... *..# * ,
,#.....*.... ,
............. ,
........#.###.#*
....#...##.#
...* **
..h###... .. ,..
* * *


You could see a scorpion, 2 jackals and a frilled lizard.

Notes
Turn   | Place    | Note
-------+----------+-------------------------------------------
     0 | D:1      | theanonym the Deep Dwarf Fire Elementalist began the quest for the Orb.
     0 | D:1      | Reached XP level 1. HP: 15/15 MP: 3/3
   201 | D:1      | Reached skill level 1 in Conjurations
   419 | D:1      | HP: 7/15 [goblin/dagger (1)]
   599 | D:1      | Reached skill level 3 in Fire Magic
   618 | D:1      | Reached XP level 2. HP: 10/22 MP: 2/4
  1145 | D:1      | HP: 10/22 [adder (3)]
  1151 | D:1      | HP: 7/22 [adder (3)]
  1157 | D:1      | Reached skill level 2 in Conjurations
  1157 | D:1      | Reached XP level 3. HP: 27/28 MP: 0/5
  1244 | D:1      | Learned a level 3 spell: Conjure Flame
  1661 | D:2      | theanonym: !lg * ddfe
  1661 | D:2      | beem: 574. Coron the Firebug (L3 DDFE of Kikubaaqudgha), mangled by Sigmund (a +3 scythe of slicing) on D:2 on 2017-12-21 01:45:20, with 43 points after 1867 turns and 0:06:47.
  1661 | D:2      | theanonym: !lg * ddfe win
  1661 | D:2      | beem: 32. 4thArraOfDagon the Invulnerable (L27 DDFE of Makhleb), escaped with the Orb and 15 runes on 2017-11-04 23:26:08, with 40195241 points after 36488 turns and 7:26:02.
  1677 | D:2      | theanonym: !stats ddfe
  1714 | D:2      | beem: Starting stats for DDFE: Str 11 Int 15 Dex 13. Stat gain: si/4
  1818 | D:2      | Found a glowing golden altar of the Shining One.
  1952 | D:2      | Reached XP level 4. HP: 23/36 MP: 1/6
  1984 | D:2      | HP: 17/36 [adder (3)]
  2686 | D:3      | Reached skill level 2 in Spellcasting
  3017 | D:3      | Reached skill level 4 in Fire Magic
  3114 | D:3      | You fall through a shaft!
  3114 | D:4      | Noticed Grinder
  3119 | D:5      | Entered Level 5 of the Dungeon
  3129 | D:5      | Reached skill level 3 in Conjurations
  3129 | D:5      | Reached XP level 5. HP: 24/42 MP: 0/8
  3141 | D:5      | HP: 29/63 [adder (3)]
  3152 | D:5      | HP: 12/42 [scorpion (8)]
  3154 | D:5      | HP: 5/42 [scorpion (5)]
  3156 | D:5      | Slain by a scorpion

Vanquished Creatures
  A hound (D:5)
  7 adders
  A worm (D:2)
  A dart slug (D:2)
  5 leopard geckos
  5 bats
  2 giant cockroaches
  6 goblins
  5 hobgoblins
  2 jackals (D:5)
  2 quokkas (D:3)
  4 frilled lizards
  A jackal zombie (D:5)
  11 kobolds
  13 rats
66 creatures vanquished.

Table legend:
 A = Turns spent in this place as a percentage of turns spent in the entire game.
 B = Non-inter-level travel turns spent in this place as a percentage of non-inter-level travel turns spent in the entire game.
 C = Inter-level travel turns spent in this place as a percentage of turns spent in this place.
 D = Turns resting spent in this place as a percentage of non-inter-level travel turns spent in this place.
 E = Turns spent auto-exploring this place as a percentage of non-inter-level travel turns spent in this place.
 F = Non-inter-level travel turns spent in this place divided by the number of levels of this place that you've seen.
                   A       B       C       D       E      F
               +-------+-------+-------+-------+-------+----------------------
         Total | 100.0 | 100.0 |   4.9 |  36.0 |  45.3 | 600.0
       Dungeon | 100.0 | 100.0 |   4.9 |  36.0 |  45.3 | 600.0
               +-------+-------+-------+-------+-------+----------------------
